 Dungeon Sprint DCSS version 0.29.1-2-gbd0b4ee654 (webtiles) character file.

Game seed: 1221318603356160933

1297 Groucho the Nimble (level 8, -1/47 HPs)
             Began as a Spriggan Fighter on Nov 20, 2022.
             Was a Believer of Qazlal.
             Slain by a boulder beetle (11 damage)
             ... in the Dungeon (Sprint IX: "|||||||||||||||||||||||||||||").
             The game lasted 00:02:56 (981 turns).

Groucho the Nimble (Spriggan Fighter)                Turns: 981, Time: 00:02:57

Health: -1/47      AC:  4    Str: 18    XL:     8   Next: 31%
Magic:  7/13       EV: 24    Int: 10    God:    Qazlal [**....]
Gold:   0          SH: 10    Dex: 17    Spells: 7/7 levels left

rFire   . . .      SeeInvis +   l - +2 rapier of Ruination {vorpal, rPois Str+4 Stlth+}
rCold   . . .      Faith    .   c - +0 buckler
rNeg    . . .      Spirit   .   b - +0 robe
rPois   +          Reflect  .   (helmet restricted)
rElec   .          Harm     .   (no cloak)
rCorr   .          Rampage  .   (gloves unavailable)
Will    +....      NoTele   +   (boots unavailable)
Stlth   ++........              (no amulet)
HPRegen 0.15/turn               m - +2 ring of protection
MPRegen 0.13/turn               n - +3 ring of dexterity

@: slowed, quick
A: very small, no large weapons, unfitting armour, see invisible, speed 3
a: Renounce Religion, Upheaval


You were in the Dungeon.
You worshipped Qazlal.
Qazlal was pleased with you.
You visited 1 branch

Inventory:

Hand Weapons
 a - a +0 rapier
 l - the +2 rapier of Ruination (weapon) {vorpal, rPois Str+4 Stlth+}
   (You found it in the Dungeon)

   It inflicts extra damage upon your enemies.
   Str:       It affects your strength (+4).
   rPois:     It protects you from poison.
   Stlth:     It makes you more stealthy.
Armour
 b - a +0 robe (worn)
 c - a +0 buckler (worn)
Jewellery
 m - a +2 ring of protection (left hand)
 n - a +3 ring of dexterity (right hand)
Wands
 k - a wand of quicksilver (10)
Scrolls
 i - 2 scrolls of amnesia
 j - 2 scrolls of blinking
Potions
 f - 2 potions of curing
 h - 4 potions of magic


   Skills:
 + Level 7.8 Fighting
 + Level 9.9 Short Blades
 + Level 12.0 Dodging
 + Level 7.1 Shields
 + Level 5.9 Invocations


You had 7 spell levels left.
You didn't know any spells.
Your spell library was empty.

Dungeon Overview and Level Annotations

Branches:
Dungeon (1/1)

Altars:
Cheibriados
Dithmenos
Elyvilon
Fedhas
Gozag
Hepliaklqana
Kikubaaqudgha
Makhleb
Nemelex Xobeh
Okawaru
Qazlal
Ru
Sif Muna
Trog
Uskayaw
Vehumet
Wu Jian
Xom
Yredelemnul
Zin
The Shining One
Jiyva
Lugonu


Innate Abilities, Weirdness & Mutations

You are very small and have problems with some larger weapons.
You are too small for most types of armour.
You have supernaturally acute eyesight. (SInv)
You cover ground extremely quickly. (Speed+++)


Message History

The centaur warrior shoots an arrow.
The arrow closely misses you.
Your Dodging skill increases to level 12!
Your Shields skill increases to level 7!
Unknown command.
The centaur warrior unwields a +0 shortbow.
You block the centaur warrior's attack. The centaur warrior misses you.
There is an open door here.
You hit the centaur warrior.
The centaur warrior is heavily wounded.
You block the centaur warrior's attack.
The centaur warrior kicks you but does no damage.
The boulder beetle leaps!
The centaur warrior closely misses you. The centaur warrior kicks you.
Unknown command.
You hit the centaur warrior.
The centaur warrior is severely wounded.
The centaur warrior hits you!
* * * LOW HITPOINT WARNING * * *
The centaur warrior barely misses you. The centaur warrior hits you.
* * * LOW HITPOINT WARNING * * *
The centaur warrior barely misses you.
Unknown command.
You feel better. The centaur warrior closely misses you.
You block the centaur warrior's attack. The centaur warrior hits you!
* * * LOW HITPOINT WARNING * * *
The centaur warrior misses you.
You feel better. You block the centaur warrior's attack.
The centaur warrior kicks you.
The boulder beetle leaps!
The centaur warrior completely misses you.
The centaur warrior kicks you but does no damage.
The boulder beetle bites you.
* * * LOW HITPOINT WARNING * * *
You barely miss the centaur warrior.
The centaur warrior is severely wounded.
The polar bear changes into a culicivora!
The centaur warrior barely misses you. The centaur warrior kicks you.
* * * LOW HITPOINT WARNING * * *
You block the centaur warrior's attack. The centaur warrior barely misses you.
The boulder beetle bites you!
You die...

▓+▓
▓.▓
▓.▓
▓.▓
▓s▓
▓T▓
▓c▓
▓@▓
▓B▓
▓.▓
▓†▓
▓†▓
▓)▓
▓)▓
▓†▓
▓.▓


You could see a boulder beetle, a centaur warrior, a culicivora shaped shifter
and a troll.

Vanquished Creatures
  A komodo dragon (D)
  2 yaks (D)
  2 wraiths (D)
  A black bear (D)
  A kobold brigand (D)
  A necrophage (D)
  A gnoll sergeant (D)
  A scorpion (D)
  A killer bee (D)
  A hound (D)
  An orc priest (D)
  A dart slug (D)
  2 ball pythons (D)
  A quokka (D)
  A bat (D)
18 creatures vanquished.

Notes
Turn   | Place    | Note
-------+----------+-------------------------------------------
     0 | D        | Groucho the Spriggan Fighter began the quest for the Orb.
     0 | D        | Reached XP level 1. HP: 11/11 MP: 2/2
   301 | D        | Noticed a necrophage
   301 | D        | Noticed a black bear
   301 | D        | Noticed a scorpion
   301 | D        | Noticed a hound
   301 | D        | Noticed an orc priest
   304 | D        | Killed an orc priest
   305 | D        | Reached skill level 5 in Dodging
   305 | D        | Reached XP level 2. HP: 16/16 MP: 3/3
   305 | D        | Reached XP level 3. HP: 20/20 MP: 4/4
   310 | D        | Reached skill level 6 in Dodging
   315 | D        | Killed a scorpion
   316 | D        | Reached skill level 5 in Short Blades
   316 | D        | Reached skill level 7 in Dodging
   316 | D        | Reached XP level 4. HP: 26/26 MP: 5/5
   321 | D        | Killed a black bear
   322 | D        | Reached skill level 5 in Fighting
   322 | D        | Reached skill level 8 in Dodging
   322 | D        | Reached XP level 5. HP: 19/30 MP: 6/6
   331 | D        | Reached skill level 9 in Dodging
   331 | D        | Reached skill level 5 in Shields
   331 | D        | Reached XP level 6. HP: 19/36 MP: 7/7
   848 | D        | Found a snail-covered altar of Cheibriados.
   848 | D        | Found a shadowy altar of Dithmenos.
   848 | D        | Found a white marble altar of Elyvilon.
   848 | D        | Found a blossoming altar of Fedhas.
   848 | D        | Found an opulent altar of Gozag.
   849 | D        | Found a hazy altar of Hepliaklqana.
   850 | D        | Found a viscous altar of Jiyva.
   851 | D        | Found an ancient bone altar of Kikubaaqudgha.
   852 | D        | Found a corrupted altar of Lugonu.
   853 | D        | Found a burning altar of Makhleb.
   854 | D        | Found a sparkling altar of Nemelex Xobeh.
   855 | D        | Found an iron altar of Okawaru.
   856 | D        | Found a stormy altar of Qazlal.
   857 | D        | Found a sacrificial altar of Ru.
   858 | D        | Found a shimmering blue altar of Sif Muna.
   859 | D        | Found a bloodstained altar of Trog.
   860 | D        | Found a hide-covered altar of Uskayaw.
   861 | D        | Found a radiant altar of Vehumet.
   862 | D        | Found an ornate altar of the Wu Jian Council.
   863 | D        | Found a shimmering altar of Xom.
   864 | D        | Found a basalt altar of Yredelemnul.
   866 | D        | Became a worshipper of Qazlal Stormbringer
   868 | D        | Found a glowing silver altar of Zin.
   869 | D        | Found a glowing golden altar of the Shining One.
   885 | D        | Got the +2 rapier of Ruination {vorpal, rPois Str+4 Stlth+}
   899 | D        | Noticed a yak
   899 | D        | Noticed a yak
   899 | D        | Noticed a komodo dragon
   906 | D        | Reached skill level 1 in Invocations
   919 | D        | Killed a komodo dragon
   920 | D        | Reached skill level 10 in Dodging
   920 | D        | Reached XP level 7. HP: 33/41 MP: 7/10
   921 | D        | Reached * piety under Qazlal
   932 | D        | Reached skill level 11 in Dodging
   940 | D        | Killed a yak
   945 | D        | Killed a yak
   945 | D        | Reached ** piety under Qazlal
   946 | D        | Reached skill level 5 in Invocations
   946 | D        | Reached XP level 8. HP: 40/46 MP: 9/12
   949 | D        | Noticed a polar bear
   949 | D        | Noticed a boulder beetle
   949 | D        | Noticed a troll
   949 | D        | Noticed a centaur warrior
   976 | D        | Reached skill level 12 in Dodging
   981 | D        | Noticed a culicivora
   981 | D        | a polar bear changed into a culicivora
   981 | D        | Slain by a boulder beetle

Illustrated notes

Levels and vault maps discovered:
D:        linesprint [early_d, line_temple, items_1, d_10, items_2, lair_1,
          lair_end, items_3, orc_1, orc_end, items_4, d_15, swamp_1, shoals_1,
          snake_1, spider_1, d_20, vaults_1, items_5, swamp_end, shoals_end,
          snake_end, spider_end, vaults_end, d_27, items_6, zot_1, zot_end,
          crypt_end, forest_end, elf_end, slime_end, tomb_end, abyss_end,
          pan_hell_end]

Skill      XL: |  1  2  3  4  5  6  7  8 |
---------------+-------------------------+-----
Short Blades   | 4 5 6 7 8 9 |  9.9
Fighting       | 3 4 5 6 7 |  7.8
Dodging        | 5 7 8 9 10 11 12 | 12.0
Shields        | 3 4 5 6 7 |  7.1
Invocations    | 3 5 |  5.9

Action                   |  1- 3 |  4- 6 |  7- 9 || total
-------------------------+-------+-------+-------++-------
Melee: Rapier            |    31 |    33 |    48 ||   112
Invok: Upheaval          |       |       |     2 ||     2
  Use: Potion            |     3 |     3 |     4 ||    10
 Stab: Invisible         |       |     4 |     6 ||    10
Armor: Robe              |     4 |       |     2 ||     6
Dodge: Dodged            |    22 |    27 |    24 ||    73
Block: Buckler           |    10 |     9 |    21 ||    40
